 Dungeon Crawl Stone Soup version 0.28.0-43-g3370ac3207 (webtiles) character file.

Game seed: 408092703278905384

4481 Cykl0x the Thaumaturge (level 10, -15/53 HPs)
             Began as a Gargoyle Earth Elementalist on Mar 14, 2022.
             Was a Follower of Vehumet.
             Demolished by a death knight
             ... wielding a +1 battleaxe
              (20 damage)
             ... on level 7 of the Dungeon.
             The game lasted 00:11:50 (8867 turns).

Cykl0x the Thaumaturge (GrEE)                       Turns: 8867, Time: 00:11:51

Health: -15/53     AC: 13    Str: 14    XL:     10   Next: 38%
Magic:  6/23       EV: 16    Int: 18    God:    Vehumet [*.....]
Gold:   354        SH:  0    Dex: 10    Spells: 23/27 levels left

rFire   . . .      SeeInvis .   a - staff of earth
rCold   + . .      Faith    .   (no shield)
rNeg    + . .      Spirit   .   g - +3 leather armour
rPois   ∞          Reflect  .   (no helmet)
rElec   +          Harm     .   (no cloak)
rCorr   .          Rampage  .   (no gloves)
Will    .....                   (no boots)
Stlth   ++........              (no amulet)
HPRegen 0.17/turn               e - +4 ring of evasion
MPRegen 0.18/turn               o - ring of protection from cold

@: invisible
A: sickness immunity, AC +7, negative energy resistance 1, electricity
resistance, torment resistance 1, petrification resistance
a: Renounce Religion


You were on level 7 of the Dungeon.
You worshipped Vehumet.
Vehumet was aware of your devotion.
You visited 2 branches of the dungeon, and saw 8 of its levels.

You collected 354 gold pieces.

Inventory:

Missiles
 c - 221 stones
Armour
 b - a +0 robe
 g - a +3 leather armour (worn)
Magical Staves
 a - a staff of earth (weapon)
Jewellery
 e - a +4 ring of evasion (left hand)
 o - a ring of protection from cold (right hand)
Wands
 m - a wand of charming (6)
 q - a wand of iceblast (20)
Scrolls
 f - 3 scrolls of fear
 j - a scroll of enchant weapon
 n - a scroll of teleportation
 r - a scroll of blinking
 s - 2 scrolls of torment
 u - a scroll of amnesia
Potions
 d - a potion of attraction
 i - a potion of resistance
 k - 2 potions of curing
 l - 2 potions of lignification {unknown}
 p - a potion of magic {unknown}
 t - a potion of mutation {unknown}


   Skills:
 + Level 1.7 Fighting
 + Level 2.2 Staves
 + Level 3.5 Armour
 + Level 2.6 Dodging
 - Level 2.1 Stealth
 * Level 9.4 Spellcasting
 * Level 7.4 Conjurations
 - Level 0.7 Transmutations
 + Level 8.7 Earth Magic


You had 23 spell levels left.
You knew the following spells:

 Your Spells              Type           Power      Damage    Failure   Level
a - Sandblast             Erth           100%       2d20      1%          1
b - Stone Arrow           Conj/Erth      100%       3d13      1%          3

Your spell library contained the following spells:

 Spells                   Type           Power      Damage    Failure   Level
 Shock                    Conj/Air       84%        1d8       2%          1
 Foxfire                  Conj/Fire      84%        2x1d8     2%          1
 Passwall                 Tmut/Erth      31%        N/A       2%          2
 Conjure Flame            Conj/Fire      21%        6-21      7%          3
 Petrify                  Tmut/Erth      38%        N/A       14%         4
 Flame Wave               Conj/Fire      21%        2d7       22%         4
 Inner Flame              Hex/Fire       8%         N/A       30%         3


Dungeon Overview and Level Annotations

Branches:
Dungeon (7/15)             Temple (1/1) D:6

Altars:
Ashenzari
Dithmenos
Elyvilon
Gozag
Kikubaaqudgha
Makhleb
Okawaru
Qazlal
Sif Muna
Trog
Vehumet
Wu Jian
Xom
Zin
The Shining One

Annotations:
D:7 Maggie


Innate Abilities, Weirdness & Mutations

You are immune to sickness and miasma.
Your stone body is resilient. (AC +7)
You are immune to poison.
You resist negative energy. (rN+)
You are resistant to electric shocks. (rElec)
You are resistant to unholy torment.
You are immune to petrification.


Message History

HP restored.
Done exploring.
(D) Dungeon (T) Temple
Where to? (Enter - D:7, ? - help)
You climb downwards.
Level annotation: Maggie
There is a stone staircase leading up here.
Things that are here:
a +2 leather armour of poison resistance; a +0 short sword
Things that are here:
a +0 robe; a +0 dagger
Found a chain mail.
You see here a +0 chain mail.
You see here a +0 chain mail.
You see here a +0 chain mail.
A wraith comes into view.
You can't see any susceptible monsters within range! (Use Z to cast anyway.)
The death knight shouts!
You feel a surge of power!
The stone arrow hits the wraith!!
The wraith is severely damaged.
You feel a surge of power!
The stone arrow hits the wraith!
You destroy the wraith!
Vehumet accepts your kill.
You feel a surge of power!
The stone arrow hits the death knight!
The death knight is lightly wounded.
You feel a surge of power!
The stone arrow hits the death knight!
The death knight is moderately wounded.
The death knight offers itself to Yredelemnul, and fills with unholy energy.
You feel a surge of power!
The stone arrow hits the death knight!!
The death knight is heavily wounded.
The death knight reflects your damage back at you!
You feel a surge of power!
The stone arrow hits the death knight!
The death knight is severely wounded.
The death knight reflects your damage back at you!
The death knight hits you with a +1 battleaxe!!
Ouch! That really hurt!
* * * LOW HITPOINT WARNING * * *
You fade into invisibility!
The death knight hits you with a +1 battleaxe!!
You die...

##.#............#..
#...............#..
########.....#####.#...#.#
.............# #...#...#.#
.............# #[#.#.#.#.#
.............# #.#.#...#.#
.............# #.#.....#.#
####....p.#### #.#........
.######@######.#.###.###
...............#.# #.##.
.........####..#.###.###
.##.....(# #..#.#.....#
##......## #..#.#####.#
.........# #..#.# #.#
.########.######.# #.#
#......#.# #.# #.(###.#.#
#.#


You could see a death knight (reflects damage).

Vanquished Creatures
  A hydra (D:7)
  A phantasmal warrior (D:7)
  Joseph (D:7)
  Prince Ribbit (D:6)
  2 wraiths (D:7)
  2 water moccasins
  Duvessa (D:7)
  A sky beast (D:7)
  3 ogres
  A necrophage (D:4)
  A centaur (D:7)
  A phantom (D:5)
  7 scorpions
  A water moccasin zombie (D:3)
  A wyvern skeleton (D:6)
  Dowan (D:7)
  10 wights
  A howler monkey (D:4)
  2 bullfrog zombies
  3 hounds
  An orc priest (D:4)
  3 jellies
  A bullfrog skeleton (D:2)
  3 iguanas
  4 orc wizards
  A scorpion zombie (D:5)
  A hound skeleton (D:4)
  8 adders
  4 gnolls (D:3)
  A howler monkey skeleton (D:5)
  A white imp (D:7)
  A worm (D:4)
  4 dart slugs
  9 orcs
  10 ball pythons
  2 endoplasms
  2 giant cockroaches
  7 goblins
  7 hobgoblins
  4 jackals (D:1)
  6 quokkas
  11 bats
  2 frilled lizards
  3 kobolds
  4 rats
142 creatures vanquished.

Vanquished Creatures (others)
  14 fungi (D:7)
14 creatures vanquished.

Grand Total: 156 creatures vanquished

Notes
Turn   | Place    | Note
-------+----------+-------------------------------------------
     0 | D:1      | Cykl0x the Gargoyle Earth Elementalist began the quest for
                  | the Orb.
     0 | D:1      | Reached XP level 1. HP: 10/10 MP: 3/3
   104 | D:1      | Reached XP level 2. HP: 15/15 MP: 0/5
   580 | D:1      | Found a faded altar of an unknown god.
   619 | D:1      | Reached skill level 1 in Conjurations
   619 | D:1      | Reached XP level 3. HP: 19/19 MP: 4/6
   718 | D:1      | Learned a level 3 spell: Stone Arrow
  1639 | D:2      | Reached skill level 3 in Spellcasting
  1639 | D:2      | Reached XP level 4. HP: 10/24 MP: 0/8
  2225 | D:3      | Reached skill level 5 in Earth Magic
  2225 | D:3      | Reached XP level 5. HP: 20/28 MP: 0/10
  3161 | D:3      | Noticed a water moccasin
  3164 | D:3      | Killed a water moccasin
  3165 | D:3      | Reached skill level 4 in Spellcasting
  3165 | D:3      | Reached XP level 6. HP: 33/33 MP: 4/12
  3635 | D:4      | Noticed a necrophage
  3646 | D:4      | Killed a necrophage
  3647 | D:4      | Reached skill level 1 in Staves
  3647 | D:4      | Reached XP level 7. HP: 37/37 MP: 0/14
  3928 | D:4      | Reached skill level 5 in Spellcasting
  4584 | D:5      | Entered Level 5 of the Dungeon
  4588 | D:5      | Reached skill level 1 in Armour
  4701 | D:5      | Reached XP level 8. HP: 42/42 MP: 6/16
  4852 | D:5      | Reached skill level 6 in Spellcasting
  5831 | D:6      | Reached skill level 7 in Spellcasting
  6125 | D:6      | Found a staircase to the Ecumenical Temple.
  6134 | D:6      | Reached skill level 5 in Conjurations
  6138 | Temple   | Entered the Ecumenical Temple
  6315 | Temple   | Became a worshipper of Vehumet
  6360 | D:6      | Noticed Prince Ribbit
  6366 | D:6      | Killed Prince Ribbit
  6367 | D:6      | Reached skill level 1 in Fighting
  6367 | D:6      | Reached XP level 9. HP: 47/47 MP: 4/20
  6530 | D:6      | Found a glowing golden altar of the Shining One.
  7028 | D:7      | Noticed a five-headed hydra
  7032 | D:7      | Killed a five-headed hydra
  7033 | D:7      | Reached skill level 8 in Spellcasting
  7373 | D:7      | Noticed a phantasmal warrior
  7536 | D:7      | Noticed Joseph
  7542 | D:7      | Killed Joseph
  7545 | D:7      | Noticed Maggie
  7829 | D:7      | Noticed Dowan
  7833 | D:7      | Noticed Duvessa
  7836 | D:7      | Killed Duvessa
  7837 | D:7      | Reached XP level 10. HP: 40/53 MP: 6/22
  7837 | D:7      | Killed Dowan
  8247 | D:7      | Reached skill level 9 in Spellcasting
  8344 | D:7      | Reached * piety under Vehumet
  8344 | D:7      | Offered knowledge of Shock by Vehumet.
  8611 | D:7      | Killed a phantasmal warrior
  8625 | D:7      | Noticed a death knight
  8867 | D:7      | Demolished by a death knight

Illustrated notes

Levels and vault maps discovered:
D:1:      minmay_arrival_arboretum_small, layout_basic,
          dilly_ecumenical_altar_fadedgnrine
D:2:      layout_rooms
D:3:      layout_loops_corners, nrook_mini_vaults, grunt_ministairs_3
D:4:      layout_rooms
D:5:      layout_basic, grunt_ministairs_7, hex_tiny
D:6:      layout_basic, overflow_temple_1_default, minmay_temple_entry_wispy,
          uniq_prince_ribbit1
D:7:      old_forge, layout_basic, grunt_ministairs_8, uniq_joseph, uniq_pikel,
          uniq_duvessa, uniq_maggie
Temple:   mainiacjoe_temple_circle_huts

Skill      XL: |  1  2  3  4  5  6  7  8  9 10 |
---------------+-------------------------------+-----
Earth Magic    | 4 5 6 7 8 |  8.7
Conjurations   | 1 2 3 5 6 7 |  7.4
Spellcasting   | 3 4 5 7 8 9 |  9.4
Staves         | 1 2 |  2.2
Armour         | 1 2 3 |  3.5
Dodging        | 2 |  2.6
Fighting       | 1 |  1.7
Stealth        | |  2.1
Transmutations | |  0.7

Action                   |  1- 3 |  4- 6 |  7- 9 | 10-12 || total
-------------------------+-------+-------+-------+-------++-------
Melee: Staff             |    28 |    10 |    32 |    32 ||   102
 Cast: Sandblast         |    31 |    21 |    11 |    32 ||    95
       Stone Arrow       |     9 |    19 |   101 |    21 ||   150
  Use: Scroll            |     3 |     4 |     8 |     1 ||    16
       Potion            |       |       |     1 |     1 ||     2
Armor: Robe              |    23 |     3 |       |       ||    26
       Leather armour    |       |       |    21 |    18 ||    39
Dodge: Dodged            |    43 |    20 |    60 |    53 ||   176
